 Dungeon Crawl Stone Soup version 0.31-a0-214-gb37851dbb3 (webtiles) character file.

Game seed: 9132411157635828777

113 qw the Chopper (level 4, 0/28 HPs)
             Began as a Gargoyle Fighter on July 1, 2023.
             Slain by an orc
             ... wielding a +0 trident
              (4 damage)
             ... while paralysed by Grinder
             ... on level 3 of the Dungeon.
             The game lasted 00:01:08 (2008 turns).

qw the Chopper (Gargoyle Fighter)                   Turns: 2008, Time: 00:01:09

Health: 0/28       AC: 12    Str: 28    XL:     4   Next: 96%
Magic:  4/4        EV:  2    Int:  8    God:
Gold:   74         SH:  0    Dex: 15    Spells: 3/3 levels left

rFire   . . .        Y - +0 war axe
rCold   . . .        c - +0 buckler
rNeg    + . .        b - +0 scale mail
rPois   inf          l - +0 helmet
rElec   +            (no cloak)
rCorr   .            (no gloves)
SInv    .            e - +0 pair of boots {Stlth+}
Will    .....        (no amulet)
Stlth   +            f - +6 ring of strength
HPRegen 0.24/turn    h - +6 ring of dexterity
MPRegen 0.09/turn

%: no passive effects
@: paralysed
A: sickness immunity, AC +3, negative energy resistance 1, electricity
resistance, torment resistance 1, petrification resistance
a: no special abilities


You were on level 3 of the Dungeon.
You visited 1 branch of the dungeon, and saw 3 of its levels.

You collected 74 gold pieces.


Innate Abilities, Weirdness & Mutations

You are immune to sickness and miasma.
Your stone body is resilient. (AC +3)
You are immune to poison.
You resist negative energy. (rN+)
You are resistant to electric shocks. (rElec)
You are resistant to unholy torment.
You are immune to petrification.


   Skills:
 - Level 3.2 Fighting
 - Level 4.4 Axes
 - Level 3.2 Armour
 + Level 0.2 Dodging
 - Level 3.2 Shields


You had 3 spell levels left.
You didn't know any spells.
Your spell library was empty.

Inventory:

Hand Weapons
 o - a +0 whip
 Y - a +0 war axe (weapon)
Armour
 b - a +0 scale mail (worn)
 c - a +0 buckler (worn)
 e - a +0 pair of boots of stealth (worn)
 l - a +0 helmet (worn)
 m - the +1 ring mail of the Hunter {rC+++ Dex-4}
   (You found it on level 3 of the Dungeon)

   Dex:       It affects your dexterity (-4).
   rC:        It renders you almost immune to cold.
Jewellery
 f - a +6 ring of strength (left hand)
 h - a +6 ring of dexterity (right hand)
Potions
 a - a potion of attraction {unknown}
 d - a potion of might
 g - a potion of enlightenment {unknown}
 i - a potion of brilliance {unknown}
 j - a potion of heal wounds {unknown}
 k - a potion of curing {unknown}

Dungeon Overview and Level Annotations

Branches:
Dungeon (3/15)

Altars:
Dithmenos

Annotations:
D:3 Grinder


Message History

Enter note: You barely miss Grinder.
Grinder hits you.
You writhe in agony.
You closely miss Grinder. Grinder hits you.
You writhe in agony.
The orc closely misses you. You block Grinder's attack.
You barely miss Grinder. Grinder gestures at you.
You barely resist. You block the orc's attack.
You hit Grinder but do no damage. You block the orc's attack.
Grinder hits you but does no damage.
An orc comes into view. It is wielding a +0 dagger.
You slash Grinder!
Grinder is moderately wounded.
The orc hits you but does no damage. Grinder hits you.
The orc barely misses you.
Grinder says, "Wait up."
Grinder hits you but does no damage.
You slash Grinder!
Grinder is heavily wounded.
The orc hits you but does no damage. Grinder gestures at you.
You resist with significant effort.
You hit Grinder.
Grinder is severely wounded.
The orc barely misses you.
Grinder blinks!
The orc hits you with a +0 trident.
Grinder blinks!
Enter note: You closely miss the orc.
The orc hits you but does no damage.
You slash Grinder!
Grinder is almost dead.
You hit the orc. The orc closely misses you. Grinder gestures at you.
You suddenly lose the ability to move!
An orc comes into view. It is wielding a +0 hand axe.
The orc hits you with a +0 trident.
Grinder blinks!
The orc hits you with a +0 trident.
You die...

.....#### ####....#
####.## #....# ###
#.##.# ..#
#.############.######
#............#.....:.
###########...ยค#
####@# #o# #o# #o#
..# #.# #.# ###


You could see 3 orcs.

Vanquished Creatures
  3 gnolls (D:2)
  2 adders (D:2)
  2 worms
  An orc (D:2)
  6 ball pythons
  3 bats
  8 endoplasms
  3 giant cockroaches (D:2)
  8 goblins
  6 hobgoblins
  A quokka (D:2)
  2 frilled lizards
  7 kobolds
  A rat (D:2)
53 creatures vanquished.

Notes
Turn   | Place    | Note
-------+----------+-------------------------------------------
     0 | D:1      | qw the Gargoyle Fighter began the quest for the Orb.
     0 | D:1      | Reached XP level 1. HP: 14/14 MP: 1/1
     0 | D:1      | 0 ||| qw: Version: 0.3-a-32-g5962c71
     0 | D:1      | 0 ||| qw: Game counter: 7630
     0 | D:1      | 0 ||| qw: Melee chars always use a shield: true
     0 | D:1      | 0 ||| qw: God list: Okawaru
     0 | D:1      | 0 ||| qw: Allow faded altars: false
     0 | D:1      | 0 ||| qw: Do Orc after clearing Dungeon:15 true
     0 | D:1      | 0 ||| qw: Do second Lair branch before Depths: true
     0 | D:1      | 0 ||| qw: Lair rune preference: random
     0 | D:1      | 0 ||| qw: Goals: Normal, Zot:1-4, Slime:5, God:TSO, Crypt,
                  | Tomb, Abyss, Pan, Hells, Win
     0 | D:1      | 0 ||| PLANNING D:1-11
    43 | D:1      | Reached skill level 2 in Axes
    87 | D:1      | Reached XP level 2. HP: 11/19 MP: 2/2
   656 | D:1      | Reached skill level 3 in Axes
   722 | D:1      | Reached XP level 3. HP: 22/23 MP: 3/3
  1112 | D:1      | 1112 ||| UPGRADING to +0 pair of boots of stealth.
  1117 | D:1      | 1117 ||| UPGRADING to +0 helmet.
  1122 | D:1      | 1122 ||| UPGRADING to +6 ring of strength.
  1123 | D:1      | 1123 ||| DROPPING +6 ring of intelligence.
  1124 | D:1      | 1124 ||| READING scroll labelled EKOFESYESCH.
  1357 | D:2      | Reached XP level 4. HP: 25/28 MP: 4/4
  1416 | D:2      | 1416 ||| Stepping ~*~*~tactically~*~*~ (stealth).
  1426 | D:2      | Reached skill level 4 in Axes
  1431 | D:2      | 1431 ||| DROPPING +0 club.
  1633 | D:2      | 1633 ||| Stepping ~*~*~tactically~*~*~ (hiding).
  1634 | D:2      | 1634 ||| Stepping ~*~*~tactically~*~*~ (hiding).
  1636 | D:2      | 1636 ||| Stepping ~*~*~tactically~*~*~ (hiding).
  1755 | D:2      | 1755 ||| UPGRADING to +6 ring of dexterity.
  1756 | D:2      | 1756 ||| READING scroll labelled PAAMUA ZOONLAR.
  1757 | D:2      | 1757 ||| READING scroll labelled VOUHIC ODIGHI.
  1823 | D:3      | Identified the +1 ring mail of the Hunter {rC+++ Dex-4}
  1935 | D:3      | Found a shadowy altar of Dithmenos.
  1986 | D:3      | Noticed Grinder
  1987 | D:3      | 1987 ||| Stepping ~*~*~tactically~*~*~ (hiding).
  2007 | D:3      | Paralysed by Grinder for 2 turns
  2007 | D:3      | HP: 4/28 [orc/+0 trident (5)]
  2008 | D:3      | Slain by an orc

Levels and vault maps discovered:
D:1:      ncdulo_wetmaze, layout_basic, kennysheep_another_room
D:2:      layout_rooms, nrook_mini_vaults, hangedman_abyss_or_decor_stabs,
          kennysheep_generic_room_6
D:3:      layout_basic, old_standard_altar, uniq_terence, uniq_grinder

Skill      XL: |  1  2  3  4 |
---------------+-------------+-----
Axes           | 2 3 4 |  4.4
Fighting       | |  3.2
Armour         | |  3.2
Dodging        | |  0.2
Shields        | |  3.2

Action                     |  1- 3 |  4- 6 || total
---------------------------+-------+-------++-------
  Melee: War axe           |   131 |    55 ||   186
    Use: Scroll            |     1 |     2 ||     3
 Armour: Scale mail        |    59 |    27 ||    86
  Dodge: Dodged            |    50 |    29 ||    79
  Block: Buckler           |    21 |    10 ||    31

Table legend:
 A = Non-vault XP
 B = Vault XP
 C = Vault XP percentage of total XP
 D = Non-vault monster count
 E = Vault monster count
 F = Vault count percentage of total count
                 A         B        C        D         E       F
            +---------+---------+-------+---------+---------+-------
      Total |     156 |       6 |   3.7 |      50 |       3 |   5.7
            +---------+---------+-------+---------+---------+-------
        D:1 |      41 |       0 |   0.0 |      23 |       0 |   0.0
        D:2 |     109 |       6 |   5.2 |      25 |       3 |  10.7
        D:3 |       6 |       0 |   0.0 |       2 |       0 |   0.0
            +---------+---------+-------+---------+---------+-------
